 Dungeon Crawl Stone Soup version 0.19-a0-1834-g6b7851e (webtiles) character file.

125 KarmaPolice the Slasher (level 4, -6/34 HPs)
             Began as a Vampire Gladiator on Oct 8, 2016.
             Mangled by Sigmund
             ... wielding a cursed -2 scythe
              (10 damage)
             ... on level 2 of the Dungeon.
             The game lasted 00:04:14 (1732 turns).

KarmaPolice the Slasher (Vampire Gladiator)         Turns: 1732, Time: 00:04:14

Health: -6/34      AC:  5    Str: 15    XL:     4   Next: 82%
Magic:  4/4        EV: 13    Int: 10    God:
Gold:   98         SH:  0    Dex: 14    Spells: 0 memorised, 3 levels left

rFire  + . .     SeeInvis +     a - +0 long sword
rCold  + + .     Gourm    .     b - +0 leather armour
rNeg   + + .     Faith    .     (no shield)
rPois  +         Spirit   .     c - +0 helmet
rElec  +         Dismiss  .     p - +0 cloak
rCorr  +         Reflect  .     (no gloves)
MR     .....     Harm     .     (no boots)
Stlth  ++........               (no amulet)
                                (no ring)
                                (no ring)

@: resistant, very slightly contaminated, regenerating slowly, hasted, very
quick
A: fangs 3, see invisible, unbreathing
a: Bat Form


You were on level 2 of the Dungeon.
You were very thirsty.

You visited 1 branch of the dungeon, and saw 2 of its levels.

You collected 98 gold pieces.

Inventory:

Hand Weapons
 a - a +0 long sword (weapon)
Missiles
 d - 3 throwing nets (quivered)
Armour
 b - a +0 leather armour (worn)
 c - a +0 helmet (worn)
 p - a +0 cloak (worn)
 q - a +1 robe of magic resistance
Jewellery
 f - an uncursed ring of poison resistance {unknown}
 s - a cursed ring of loudness {unknown}
 u - a cursed -3 ring of strength {unknown}
Wands
 r - a wand of disintegration (13/24)
Scrolls
 h - a scroll of random uselessness {unknown}
 i - 3 scrolls of identify {unknown}
 j - a scroll of amnesia {unknown}
 k - a scroll of remove curse {unknown}
 l - a scroll of fog {unknown}
 n - a scroll of enchant weapon {unknown}
 o - a scroll of fear {unknown}
Potions
 e - 12 potions of blood


   Skills:
 + Level 2.7 Fighting
 + Level 4.0 Long Blades
 - Level 1.6 Throwing
 + Level 1.6 Armour
 - Level 3.6 Dodging
 + Level 0.8 Evocations


You had 3 spell levels left.
You didn't know any spells.

Dungeon Overview and Level Annotations

Branches:
Dungeon (2/15)

Altars:

Annotations:
D:2 Sigmund


Innate Abilities, Weirdness & Mutations

You heal slowly.
You have razor-sharp teeth.
You have supernaturally acute eyesight. (SInv)
You can survive without breathing.


Message History

It was a potion of lignification.
You feel woody for a moment.
Sigmund hits you with an enchanted scythe.
* * * LOW HITPOINT WARNING * * *
The frilled lizard closely misses you.
It was a potion of resistance.
You feel protected.
You hit Sigmund.
Sigmund is lightly wounded.
The frilled lizard bites you but does no damage.
Sigmund closely misses you.
You riposte.
You closely miss Sigmund.
Sigmund is lightly wounded.
You hit Sigmund but do no damage.
Sigmund is lightly wounded.
The frilled lizard misses you.
You riposte.
You hit the frilled lizard.
You kill the frilled lizard!
Your Long Blades skill increases to level 4!
You hit Sigmund but do no damage.
Sigmund is lightly wounded.
Sigmund hits you with an enchanted scythe!
You die...

#.######## ...
#...##...##...## ...#
#.$.###.......#. ....##
#...##..###.....
$....##..............# .
....................
...###.##...#####..#####
#...........######......
#....†@....##.......#..
#####@##...............
#. #...##....#..#..
#..######..........
##..# #..#..##### ..##
#..##......
...##..#.......
#>#.......###.
#....#...####.


You could see Sigmund.

Vanquished Creatures
  Jessica (D:2)
  Ijyb (D:2)
  3 adders (D:2)
  2 worms (D:2)
  A dart slug (D:1)
  An orc (D:2)
  2 ball pythons (D:1)
  2 giant cockroaches (D:1)
  3 goblins
  2 hobgoblins (D:1)
  6 jackals (D:2)
  4 kobolds
  7 bats
  A frilled lizard (D:2)
  4 rats (D:1)
40 creatures vanquished.

Vanquished Creatures (others)
  An ooze (D:1)
  A goblin (D:1)
2 creatures vanquished.

Grand Total: 42 creatures vanquished

Notes
Turn   | Place    | Note
-------+----------+-------------------------------------------
     0 | D:1      | KarmaPolice the Vampire Gladiator began the quest for the Orb.
     0 | D:1      | Reached XP level 1. HP: 16/16 MP: 1/1
   144 | D:1      | Reached XP level 2. HP: 15/22 MP: 2/2
  1056 | D:2      | Reached XP level 3. HP: 22/27 MP: 3/3
  1058 | D:2      | Noticed Ijyb
  1061 | D:2      | Paralysed by Ijyb for 6 turns
  1070 | D:2      | Paralysed by Ijyb for 7 turns
  1085 | D:2      | Killed Ijyb
  1085 | D:2      | Reached skill level 1 in Armour
  1207 | D:2      | Noticed Jessica
  1214 | D:2      | Killed Jessica
  1214 | D:2      | Reached XP level 4. HP: 34/34 MP: 4/4
  1720 | D:2      | Noticed Sigmund
  1731 | D:2      | Reached skill level 4 in Long Blades
  1732 | D:2      | Mangled by Sigmund

Vault maps used:
D:1:      dpeg_arrival_tiny_a, lemuel_flame_loot_1
D:2:      columned_hall_lemuel, uniq_iyjb, uniq_jessica, uniq_sigmund

Skill      XL: |  1  2  3  4 |
---------------+-------------+-----
Fighting       | 2 |  2.7
Armour         | 1 |  1.6
Long Blades    | 4 |  4.0
Throwing       | |  1.6
Dodging        | |  3.6
Evocations     | |  0.8

Action                   |  1- 3 |  4- 6 || total
-------------------------+-------+-------++-------
Melee: Long sword        |    85 |    42 ||   127
       Bite              |    10 |     6 ||    16
  Use: Potion            |       |     3 ||     3
  Eat: Corpse            |       |     1 ||     1
Armor: Leather armour    |    42 |    15 ||    57
Dodge: Dodged            |    84 |    39 ||   123
       Rpst.: Long sword |    16 |     9 ||    25
